 Dungeon Crawl Stone Soup version 0.31-a0-232-gb1c03b2570 (webtiles) character file.

Game seed: 14751909682128779767

43 qw the Shooter (level 3, 0/22 HPs)
             Began as a Gargoyle Hexslinger on July 7, 2023.
             Slain by a worm (5 damage)
             ... on level 2 of the Dungeon.
             The game lasted 00:00:25 (1089 turns).

qw the Shooter (Gargoyle Hexslinger)                Turns: 1089, Time: 00:00:26

Health: 0/22       AC:  5    Str: 11    XL:     3   Next: 58%
Magic:  4/4        EV: 12    Int: 13    God:
Gold:   41         SH:  0    Dex: 14    Spells: 3/4 levels left

rFire   . . .        Y - +1 sling
rCold   . . .        (no shield)
rNeg    + . .        c - +0 robe
rPois   inf          (no helmet)
rElec   +            (no cloak)
rCorr   .            (no gloves)
SInv    .            (no boots)
Will    .....        b - amulet of the acrobat
Stlth   +            (no ring)
HPRegen 0.23/turn    (no ring)
MPRegen 0.09/turn

%: acrobat
@: no status effects
A: sickness immunity, AC +3, negative energy resistance 1, electricity
resistance, torment resistance 1, petrification resistance
a: no special abilities


You were on level 2 of the Dungeon.
You visited 1 branch of the dungeon, and saw 2 of its levels.

You collected 41 gold pieces.


Innate Abilities, Weirdness & Mutations

You are immune to sickness and miasma.
Your stone body is resilient. (AC +3)
You are immune to poison.
You resist negative energy. (rN+)
You are resistant to electric shocks. (rElec)
You are resistant to unholy torment.
You are immune to petrification.


   Skills:
 - Level 2.3 Fighting
 + Level 3.2 Ranged Weapons
 - Level 1.5 Dodging
 - Level 1.0 Spellcasting
 - Level 2.6 Hexes


You had 3 spell levels left.
You knew the following spells:

 Your Spells              Type           Power      Damage    Failure   Level
a - Slow                  Hex            28%        N/A       10%         1

Your spell library contained the following spells:

 Spells                   Type           Power      Damage    Failure   Level
 Inner Flame              Hex/Fire       4%         N/A       43%         3
 Portal Projectile        Hex/Tloc       8%         N/A       43%         3
 Cause Fear               Hex            3%         N/A       67%         4

Inventory:

Hand Weapons
 Y - a +1 sling (weapon)
Armour
 c - a +0 robe (worn)
 j - a +0 leather armour
Jewellery
 b - an amulet of the acrobat (around neck)
 d - a ring of fire
Scrolls
 a - a scroll of noise {unknown}
 f - a scroll of immolation {unknown}
 g - a scroll of blinking {unknown}
 i - a scroll of enchant armour {unknown}
 k - a scroll of identify
Potions
 e - a potion of berserk rage {unknown}
 h - a potion of enlightenment {unknown}
 l - a potion of lignification {unknown}

Dungeon Overview and Level Annotations

Branches:
Dungeon (2/15)

Altars:

Annotations:
D:1 1 runed translucent door


Message History

You shoot a sling bullet.
The sling bullet hits the worm but does no damage.
The worm is severely wounded.
You shoot a sling bullet. The sling bullet hits the worm!
The worm is almost dead.
The worm barely misses you.
You shoot a sling bullet. The sling bullet hits the worm.
You kill the worm!
You see here a worm corpse.
You see here a worm corpse.
There is an escape hatch in the floor here.
Found a stone staircase leading down.
Enter note:
Enter note:
Enter note: A worm comes into view.
Enter note:
Enter note:
Enter note: You shoot a sling bullet.
The sling bullet hits the worm.
The worm is lightly wounded.
You shoot a sling bullet. The sling bullet hits the worm.
The worm is lightly wounded.
You shoot a sling bullet. The sling bullet hits the worm.
The worm is lightly wounded.
You shoot a sling bullet. The sling bullet hits the worm.
The worm is heavily wounded.
The worm bites you.
You shoot a sling bullet. The sling bullet hits the worm.
The worm is severely wounded.
The worm bites you!
You shoot a sling bullet.
The sling bullet barely misses the worm.
The worm bites you!
You shoot a sling bullet. The sling bullet hits the worm.
The worm is severely wounded.
You shoot a sling bullet. The sling bullet hits the worm.
The worm is almost dead.
The worm bites you.
You die...

### ## # .. .. #. .. #.
.###[ #. ... .#######. #w#
......... # ##@# .........
#.###..## #####...
.##.......# #..#
......##>..# . #..#
...........####... #..#
..##.....%........#####..#
> #..##.#...............#
# #..##.#############...#
#.#..##.## #...#


You could see a worm.

Vanquished Creatures
  An adder (D:2)
  A worm (D:2)
  2 dart slugs
  An orc (D:2)
  2 ball pythons (D:1)
  3 endoplasms
  A giant cockroach (D:2)
  3 hobgoblins
  2 jackals (D:2)
  3 kobolds (D:1)
  3 bats (D:1)
  A frilled lizard (D:2)
  3 rats (D:2)
26 creatures vanquished.

Notes
Turn   | Place    | Note
-------+----------+-------------------------------------------
     0 | D:1      | qw the Gargoyle Hexslinger began the quest for the Orb.
     0 | D:1      | Reached XP level 1. HP: 12/12 MP: 2/2
     0 | D:1      | 0 ||| qw: Version: 0.3-a-46-gb1f654a
     0 | D:1      | 0 ||| qw: Game counter: 2710
     0 | D:1      | 0 ||| qw: Melee chars always use a shield: true
     0 | D:1      | 0 ||| qw: God list: Okawaru
     0 | D:1      | 0 ||| qw: Allow faded altars: false
     0 | D:1      | 0 ||| qw: Do Orc after clearing Dungeon:15 true
     0 | D:1      | 0 ||| qw: Do second Lair branch before Depths: true
     0 | D:1      | 0 ||| qw: Lair rune preference: random
     0 | D:1      | 0 ||| qw: Goals: Normal
     0 | D:1      | 0 ||| PLANNING D:1-11
     1 | D:1      | Found a runed translucent door.
   161 | D:1      | 161 ||| DROPPING scroll of poison.
   168 | D:1      | Reached XP level 2. HP: 16/16 MP: 3/3
   333 | D:1      | 333 ||| Stepping ~*~*~tactically~*~*~ (water).
   442 | D:1      | Reached skill level 3 in Ranged Weapons
   761 | D:1      | 761 ||| UPGRADING to amulet of the acrobat.
   766 | D:1      | 766 ||| READING scroll labelled LEPADA GEIN.
   767 | D:1      | 767 ||| READING scroll labelled BOMOXISUNEST.
   768 | D:1      | 768 ||| READING scroll labelled XIPNUUM PO YSUFACE.
   833 | D:2      | Found a faded altar of an unknown god.
   976 | D:2      | Reached XP level 3. HP: 20/22 MP: 4/4
  1087 | D:2      | HP: 4/22 [worm (7)]
  1089 | D:2      | Slain by a worm

Levels and vault maps discovered:
D:1:      dpeg_arrival_caged_fury, layout_basic, serial_bayou,
          serial_bayou_lake_a, serial_bayou_shore_b, serial_bayou_crossing,
          serial_bayou_lagoon_b, chequers_serial_rivers_micro_b,
          reono_crystal_passage
D:2:      minmay_alternating_diamond, layout_loops_ring,
          hellmonk_ecumenical_altar_run_dry

Skill      XL: |  1  2 |
---------------+-------+-----
Ranged Weapons | 3 |  3.2
Fighting       | 2 |  2.3
Dodging        | |  1.5
Spellcasting   | |  1.0
Hexes          | |  2.6

Action                     || total
---------------------------++-------
   Fire: Sling             ||    89
    Use: Scroll            ||     3
 Armour: Robe              ||     5
  Dodge: Dodged            ||     8

Table legend:
 A = Non-vault XP
 B = Vault XP
 C = Vault XP percentage of total XP
 D = Non-vault monster count
 E = Vault monster count
 F = Vault count percentage of total count
                 A         B        C        D         E       F
            +---------+---------+-------+---------+---------+-------
      Total |      62 |       0 |   0.0 |      26 |       0 |   0.0
            +---------+---------+-------+---------+---------+-------
        D:1 |      23 |       0 |   0.0 |      13 |       0 |   0.0
        D:2 |      39 |       0 |   0.0 |      13 |       0 |   0.0
            +---------+---------+-------+---------+---------+-------
